 Dungeon Crawl Stone Soup version 0.14.2 (webtiles) character file.

138 Amnesiac the Charlatan (level 3, 0/17 HPs)
             Began as a Spriggan Artificer on Feb 4, 2018.
             Slain by an ooze (5 damage)
             ... on Level 2 of the Dungeon.
             The game lasted 00:02:30 (1591 turns).

Amnesiac the Charlatan (Spriggan Artificer)         Turns: 1591, Time: 00:02:31

HP   0/17        AC  2     Str  7      XL: 3   Next: 87%
MP   9/9         EV 18     Int 13      God:
Gold 75          SH 12     Dex 20      Spells:  0 memorised,  2 levels left

rFire  . . .     SeeInvis +     o - +2,+0 mace (holy)
rCold  . . .     Clarity  .     e - +0 robe
rNeg   . . .     Conserve .     k - +0 buckler
rPois  .         rCorr    .     (helmet restricted)
rElec  .         rRot     .     (no cloak)
SustAb . .       Spirit   .     (gloves unavailable)
rMut   .         Warding  .     (boots unavailable)
Saprov . . .     Stasis   .     (no amulet)
MR     .....                    (no ring)
                                n - +3 ring of dexterity

@: very quick, not resistant to hostile enchantments, fairly stealthy
A: unfitting armour, see invisible, herbivore 3, speed 3, slow metabolism 2
a: no special abilities


You were on level 2 of the Dungeon.
You were not hungry.

You visited 1 branch of the dungeon, and saw 2 of its levels.

You collected 75 gold pieces.

Inventory:

Hand weapons
 o - a +2,+0 mace of holy wrath (weapon)
Armour
 e - a +0 robe (worn)
 k - a +0 buckler (worn)
Magical devices
 b - a wand of flame (12)
 c - a wand of enslavement (15)
 d - a wand of random effects (11)
Comestibles
 m - a meat ration
Scrolls
 a - 2 scrolls of remove curse {!r, unknown}
 g - 2 scrolls of enchant armour {!r, unknown}
 h - 2 scrolls of enchant weapon I {!r, unknown}
 i - 2 scrolls of identify {!r, unknown}
 j - a scroll of noise {!r, unknown}
Jewellery
 n - a +3 ring of dexterity (left hand)
Potions
 f - a potion of porridge {!q}
 p - a potion of curing {!q, unknown}


   Skills:
 - Level 0.7 Fighting
   Level 1.1 Short Blades
 - Level 3.0 Dodging
 - Level 1.5 Stealth
 + Level 6.7 Evocations


You had 2 spell levels left.
You didn't know any spells.

Dungeon Overview and Level Annotations

Branches:
Dungeon (2/15)

Altars:


Innate Abilities, Weirdness & Mutations

You are tiny and cannot use many weapons and most armour.
You have supernaturally acute eyesight.
You are a herbivore.
You cover ground extremely quickly.
You need consume almost no food.


Message History

You barely miss the adder.
The adder is almost dead.
* * * LOW HITPOINT WARNING * * *
You feel sick. You block the adder's attack.
Drink which item? (? for menu, Esc to quit)
Really quaff
l - a green potion {!q}?
You feel much better.
It was a potion of heal wounds {!q}.
You feel sick. The adder completely misses you. The adder closely misses you.
You hit the adder.
You kill the adder!
You feel sick.
You start resting.
You feel sick. x7
You are no longer poisoned.
You start resting.
Found a ring mail.
You now have 75 gold pieces (gained 11).
An ooze comes into view.
An ooze is nearby!
An ooze is nearby!
A bat comes into view.
A rat comes into view.
The helpless bat fails to defend itself.
You hit the bat.
The bat is moderately wounded.
The bat completely misses you.
You hit the bat.
You kill the bat!
The ooze barely misses you. The ooze completely misses you.
You hit the ooze but do no damage. The ooze closely misses you.
You hit the ooze.
The ooze is lightly wounded.
You block the rat's attack. The ooze barely misses you.
You thump the ooze!
The ooze is moderately wounded.
The rat misses you. You block the ooze's attack. The rat bites you.
You hit the ooze.
The ooze is moderately wounded.
The rat closely misses you. The ooze misses you.
You hit the ooze.
The ooze is heavily wounded.
You block the rat's attack. The ooze closely misses you.
You hit the ooze.
The ooze is severely wounded.
The rat misses you. The ooze hits you. The rat bites you.
You hit the ooze.
The ooze is almost dead.
The ooze hits you.
* * * LOW HITPOINT WARNING * * *
You block the rat's attack.
You hit the ooze but do no damage.
The ooze is almost dead.
The rat closely misses you. The ooze hits you.
* * * LOW HITPOINT WARNING * * *
You block the rat's attack. You block the ooze's attack.
You are too injured to fight recklessly!
You are too injured to fight recklessly!
You hit the ooze but do no damage.
The ooze is almost dead.
The ooze closely misses you.
You barely miss the ooze.
The ooze is almost dead.
The ooze hits you.
You die...

#......# #...#### ##.....#
#......###### #...<.#
###.####.....
####.....######.#........
...................###.....
..................#⌠#.....
####...###...##...###.#.##
#.........##.#.....#
#.........##@#######
#.##...<####J# ..
##...##..r#####
######...#...###.##
...................
##..........###.##
#.........## ###.......#
###...###


You could see an ooze and a rat.

Vanquished Creatures
  Ijyb (D:1)
  An adder (D:2)
  A giant mite (D:1)
  A giant gecko (D:1)
  An ooze (D:1)
  3 bats
  A giant cockroach (D:1)
  5 goblins (D:1)
  5 hobgoblins
  5 giant newts (D:1)
  3 kobolds (D:1)
  A rat (D:1)
28 creatures vanquished.

Notes
Turn   | Place    | Note
--------------------------------------------------------------
     0 | D:1      | Amnesiac, the Spriggan Artificer, began the quest for the Orb.
     0 | D:1      | Reached XP level 1. HP: 9/9 MP: 2/2
   201 | D:1      | Reached XP level 2. HP: 9/14 MP: 5/5
   354 | D:1      | Reached skill level 5 in Evocations
   944 | D:1      | Reached XP level 3. HP: 14/17 MP: 8/8
  1113 | D:2      | Noticed Ijyb
  1164 | D:1      | Killed Ijyb
  1164 | D:1      | Reached skill level 6 in Evocations
  1591 | D:2      | Slain by an ooze

Action                   || total
-------------------------++-------
Melee: Short sword       ||    45
       Mace              ||    80
Evoke: Wand              ||     7
  Use: Potion            ||     1
 Stab: Sleeping          ||     1
